 Dungeon Crawl Stone Soup version 0.30.1-9-gdf580d7c3d (webtiles) character file.

Game seed: 3810455565069573144

7 Danienth the Gusty (level 1, -1/14 HPs)
             Began as a Draconian Air Elementalist on Oct 13, 2023.
             Frozen to death by an endoplasm (5 damage)
             ... on level 1 of the Dungeon.
             The game lasted 00:01:55 (359 turns).

Danienth the Gusty (Draconian Air Elementalist)      Turns: 359, Time: 00:01:57

Health: -1/14      AC:  4    Str: 10    XL:     1   Next: 83%
Magic:  0/3        EV: 12    Int: 15    God:
Gold:   20         SH:  0    Dex: 11    Spells: 3/4 levels left

rFire   . . .        (no weapon)
rCold   . . .        (no shield)
rNeg    . . .        (body armour unavailable)
rPois   .            (helmet restricted)
rElec   .            (no cloak)
rCorr   .            (no gloves)
SInv    .            (no boots)
Will    .....        (no amulet)
Stlth   ++           (no ring)
HPRegen 0.22/turn    (no ring)
MPRegen 0.08/turn

%: no passive effects
@: no status effects
A: AC +4, unfitting armour, cold-blooded
a: no special abilities


You were on level 1 of the Dungeon.
You visited 1 branch of the dungeon, and saw 1 of its levels.

You collected 20 gold pieces.

Inventory:

Missiles
 d - 3 poisoned darts
Scrolls
 a - a scroll of identify {unknown}
 b - a scroll of noise {unknown}
Potions
 c - a potion of curing {unknown}


   Skills:
 + Level 1.7 Dodging
 + Level 1.7 Stealth
 + Level 0.4 Unarmed Combat
 + Level 2.1 Spellcasting
 + Level 1.0 Conjurations
 + Level 3.2 Air Magic


You had 3 spell levels left.
You knew the following spells:

 Your Spells              Type           Power      Damage    Failure   Level
a - Shock                 Conj/Air       32%        1d5       9%          1

Your spell library contained the following spells:

 Spells                   Type           Power      Damage    Failure   Level
 Static Discharge         Conj/Air       16%        2-3/arc   14%         2
 Swiftness                Air            11%        N/A       17%         3
 Airstrike                Air            5%         2d(1-17)  50%         4


Dungeon Overview and Level Annotations

Branches:
Dungeon (1/15)

Altars:


Innate Abilities, Weirdness & Mutations

Your plain brown scales are hard. (AC +4)
You cannot fit into any form of body armour.
You are cold-blooded and may be slowed by cold attacks.


Message History

The kobold is severely wounded.
The zap misses the kobold.
The goblin barely misses you. The kobold barely misses you.
You are too injured to fight recklessly!
Attack: -) Nothing wielded
Press: ? - help, Dir - move target, f - goblin
Aim: a goblin, wielding a +3 dagger (heavily wounded, about 55% to evade your hands)
You hit the goblin but do no damage. You tail-slap the goblin.
The goblin is severely wounded.
The kobold closely misses you. The goblin hits you with a +3 dagger.
Attack: -) Nothing wielded
Press: ? - help, Dir - move target, f/p - goblin
Aim: a goblin, wielding a +3 dagger (severely wounded, about 55% to evade your hands)
You hit the goblin.
You kill the goblin!
The kobold hits you but does no damage.
Attack: -) Nothing wielded
Press: ? - help, Dir - move target, f - endoplasm
Aim: an endoplasm (lightly wounded, about 16% to evade your hands)
You hit the endoplasm but do no damage.
The endoplasm is lightly wounded.
The endoplasm misses you. The kobold misses you.
Unknown command.
Attack: -) Nothing wielded
Press: ? - help, Dir - move target, f/p - endoplasm
Aim: an endoplasm (lightly wounded, about 16% to evade your hands)
You hit the endoplasm but do no damage.
The endoplasm is lightly wounded.
The endoplasm hits you.
* * * LOW HITPOINT WARNING * * *
The kobold misses you.
Your magical contamination has completely faded away.
Attack: -) Nothing wielded
Press: ? - help, Dir - move target, f/p - endoplasm
Aim: an endoplasm (lightly wounded, about 16% to evade your hands)
You hit the endoplasm but do no damage. Your punch misses the endoplasm.
The endoplasm is lightly wounded.
The endoplasm freezes you.
You are frozen.
You die...
P.P.PP.P.PP.P.PP.......## .PP.PP.PP.PP.PP.......## P.PP.PPP.PP..PP.#..##### P.PPP...PPP..PP.#.......
PP..PPPPP..P.PP.#.####.# PPPP.....PPP.PP.#.# #.# PPPP.PPPPP.PP.#.##

#.# ##..####........#
#.# #...@Jr......#..#
#..
#...K###..#...#..###..
#..... #..........###.
##.... #..........# #.
##........#.......###.
##.####............##
#. ##.#..##.#.#.# ..
#.#..##.#.#.#
#.#.......# #


You could see an endoplasm, a quokka and a kobold.

Vanquished Creatures
  An endoplasm (D:1)
  A goblin (D:1)
  2 hobgoblins (D:1)
  2 frilled lizards (D:1)
6 creatures vanquished.

Notes
Turn   | Place    | Note
-------+----------+-------------------------------------------
     0 | D:1      | Danienth the Draconian Air Elementalist began the quest for
                  | the Orb.
     0 | D:1      | Reached XP level 1. HP: 14/14 MP: 3/3
   359 | D:1      | Frozen to death by an endoplasm

Illustrated notes

Levels and vault maps discovered:
D:1:      roderic_crop_circles_arrival_small, layout_loops_cross

Action                     || total
---------------------------++-------
  Melee: Unarmed           ||    31
         Tailslap          ||     2
   Cast: Shock             ||     5
    Use: Potion            ||     1
 Armour: Skin              ||     9
  Dodge: Dodged            ||    27
